 Dungeon Crawl Stone Soup version 0.28-a0-1199-gef9e1dbd39 (webtiles) character file.

Game seed: 17790262128364868648

401 sanka the Distorting Palentonga (level 6, 0/50 HPs)
             Began as a Palentonga Abyssal Knight on Dec 19, 2021.
             Was a Believer of Lugonu.
             Slain by an iguana (12 damage)
             ... on level 2 of the Dungeon.
             The game lasted 00:04:23 (4542 turns).

sanka the Distorting Palentonga (PaAK)              Turns: 4542, Time: 00:04:24

Health: 0/50       AC:  7    Str: 18    XL:     6   Next: 54%
Magic:  9/9        EV:  9    Int: 11    God:    Lugonu [**....]
Gold:   191        SH:  0    Dex: 10    Spells: 5/5 levels left

rFire   . . .      SeeInvis +   a - +0 trident
rCold   . . .      Faith    .   (no shield)
rNeg    . . .      Spirit   .   i - +0 leather armour
rPois   .          Reflect  .   n - +0 helmet
rElec   .          Harm     .   k - +0 cloak
rCorr   .          Rampage  .   p - +0 pair of gloves
Will    .....                   (no barding)
Stlth   +.........              (no amulet)
HPRegen 0.16/turn               (no ring)
MPRegen 0.11/turn               (no ring)

@: no status effects
A: large, rugged brown scales 3, see invisible, deformed body, roll 1, armoured
tail
a: Rolling Charge, Renounce Religion, Depart the Abyss, Bend Space


You were on level 2 of the Dungeon.
You worshipped Lugonu.
Lugonu was pleased with you.
You visited 1 branch of the dungeon, and saw 4 of its levels.
You visited the Abyss 1 time.

You collected 191 gold pieces.


Innate Abilities, Weirdness & Mutations

You are completely covered in rugged brown scales. (AC +3, +7% HP)
You have supernaturally acute eyesight. (SInv)
Armour fits poorly on your strangely shaped body.
You can roll at nearby foes to attack.
You have a long armoured tail.


   Skills:
 - Level 3.0 Fighting
 + Level 4.9 Polearms
 - Level 1.5 Armour
 - Level 0.7 Dodging
 + Level 5.3 Invocations


You had 5 spell levels left.
You didn't know any spells.
Your spell library contained the following spells:

 Spells                   Type           Power      Damage    Failure   Level
 Summon Small Mammal      Summ           0%         N/A       38%         1
 Call Canine Familiar     Summ           0%         N/A       77%         3
 Summon Guardian Golem    Hex/Summ       0%         N/A       77%         3

Inventory:

Hand Weapons
 a - a +0 trident (weapon)
 b - a +0 dagger of venom
 w - a +1 spear
Armour
 i - a +0 leather armour (worn)
 k - a +0 cloak (worn)
 n - a +0 helmet (worn)
 p - a +0 pair of gloves (worn)
Scrolls
 c - a scroll of brand weapon {unknown}
 d - a scroll of summoning {unknown}
 h - 2 scrolls of teleportation {unknown}
 j - 3 scrolls of identify {unknown}
 l - 2 scrolls of amnesia {unknown}
 s - a scroll of vulnerability {unknown}
 t - a scroll of enchant armour {unknown}
 u - a scroll of holy word {unknown}
 v - a scroll of torment {unknown}
 x - a scroll of fog {unknown}
Potions
 e - a potion of curing {unknown}
 f - a potion of might {unknown}
 g - a potion of lignification {unknown}
 m - a potion of degeneration {unknown}
 o - a potion of berserk rage {unknown}
 q - a potion of invisibility {unknown}
 r - a potion of haste {unknown}

Dungeon Overview and Level Annotations

Branches:
Dungeon (4/15)
 Temple: D:4-7

Altars:

▒.▒▒▒▒▒.▒▒.▒ ▒.▒
▒.▒▒.....▒.▒ ▒.▒
▒.▒▒.▒▒▒.▒>▒ ▒.▒
▒.▒▒.▒ ▒.▒.▒ ▒.▒
▒.▒▒.▒▒▒.▒.▒ ▒.▒
▒.▒▒.....▒.▒ ▒.▒
▒.▒▒▒▒.▒▒▒.▒ ▒.▒ ▒▒.▒
▒▒.▒▒▒.▒▒▒▒▒▒▒▒.▒
▒..▒▒▒...▒▒.▒..Hl....▒
▒.▒▒▒..▒....▒.▒▒▒▒▒▒▒▒
▒▒<▒ ▒....▒▒▒▒.▒ ...▒
▒.▒.▒▒ ▒.▒ ▒..▒▒▒.▒.▒
▒.▒▒▒▒ ▒..▒.....▒
▒....▒ ▒..▒.▒▒▒.▒
▒▒▒▒.▒ .....▒ ▒.▒ ▒.▒
▒..▒.▒▒▒.▒▒▒▒▒▒ ▒.▒


You could see an iguana.


Message History

You see here a +0 whip.
There is a stone staircase leading down here.
You climb downwards.
The centaur skeleton barely misses you.
The centaur skeleton kicks you but does no damage.
The iguana barely misses you. The ogre hits you with a +0 giant club!
The centaur skeleton hits you but does no damage.
The centaur skeleton barely misses you.
The iguana bites you but does no damage.
There is a stone staircase leading up, spattered with blood here.
The centaur skeleton closely misses you.
The centaur skeleton misses you. The ogre hits you with a +0 giant club!
* * * LOW HITPOINT WARNING * * *
The iguana bites you but does no damage.
You climb upwards.
There is a stone staircase leading down here.
Unknown command.
The ogre hits you with a +0 giant club!
* * * LOW HITPOINT WARNING * * *
The ogre closely misses you.
There is an escape hatch in the ceiling here.
The iguana barely misses you. A mysterious force pulls you upwards.
The hatch slams shut behind you.
Unknown command.
You hit the iguana but do no damage. The iguana bites you!
You die...

Action                   |  1- 3 |  4- 6 || total
-------------------------+-------+-------++-------
Melee: Spear             |    30 |    25 ||    55
       Tailslap          |    12 |    18 ||    30
       Dagger            |    40 |   109 ||   149
       Trident           |       |    39 ||    39
 Abil: Rolling Charge    |       |     6 ||     6
 Stab: Sleeping          |     1 |       ||     1
Armor: Leather armour    |    26 |    83 ||   109
Dodge: Dodged            |    22 |    83 ||   105

Levels and vault maps discovered:
D:1:      onia_arrival_handbag, layout_loops_cross, basic_ecumenical_altar
D:2:      layout_loops_ring, grunt_decor_resistance
D:3:      minmay_razor_zed, layout_basic, minmay_diced_spiral
D:4:      layout_rooms, mainiacjoe_overflow_alcove_2,
          minmay_temple_entry_poolview, serial_rivers,
          chequers_serial_rivers_large_b, chequers_serial_rivers_micro_e,
          chequers_serial_rivers_room_a, chequers_serial_rivers_micro_e,
          chequers_serial_rivers_small_a

Notes
Turn   | Place    | Note
-------+----------+-------------------------------------------
     0 | Abyss:1  | sanka the Palentonga Abyssal Knight began the quest for the
                  | Orb.
     0 | Abyss:1  | Reached XP level 1. HP: 19/19 MP: 2/2
    21 | D:1      | Escaped the Abyss
    41 | D:1      | Reached skill level 2 in Polearms
   299 | D:1      | Reached XP level 2. HP: 25/25 MP: 3/3
   313 | D:1      | Found a faded altar of an unknown god.
  1138 | D:2      | Reached XP level 3. HP: 31/31 MP: 4/4
  1153 | D:2      | Reached skill level 3 in Polearms
  1554 | D:2      | Reached skill level 3 in Invocations
  1554 | D:2      | Reached XP level 4. HP: 25/37 MP: 6/6
  1977 | D:3      | Noticed a black bear
  1998 | D:3      | HP: 3/37 [black bear (5)]
  2000 | D:3      | Killed a black bear
  2001 | D:3      | Reached skill level 4 in Invocations
  2001 | D:3      | Reached XP level 5. HP: 4/43 MP: 6/8
  2014 | D:3      | Reached skill level 4 in Polearms
  2378 | D:3      | Reached ** piety under Lugonu
  3805 | D:3      | Noticed an ogre
  3944 | D:3      | Reached XP level 6. HP: 20/50 MP: 9/9
  4421 | D:4      | Reached skill level 5 in Invocations
  4542 | D:2      | Slain by an iguana

Vanquished Creatures
  A black bear (D:3)
  A bullfrog (D:3)
  A jelly (D:4)
  A hound (D:3)
  A centaur skeleton (D:2)
  An orc priest (D:3)
  An orc wizard (D:3)
  3 adders
  2 worms (D:3)
  3 dart slugs
  5 orcs (D:3)
  9 ball pythons
  3 bats
  9 endoplasms
  3 giant cockroaches
  3 goblins
  4 hobgoblins
  A jackal (D:3)
  3 quokkas
  3 frilled lizards
  4 kobolds
  8 rats
70 creatures vanquished.
